 Dungeon Crawl Stone Soup version 0.30.0-29-ga12c61a403 (webtiles) character file.

Game seed: 780971166325053351

741 Ijustatesigmund the Stinger (level 7, -1/46 HPs)
             Began as an Octopode Venom Mage on June 16, 2023.
             Slain by a gnoll sergeant
             ... wielding a +0 trident
              (34 damage)
             ... on level 5 of the Dungeon.
             The game lasted 00:10:09 (5695 turns).

Ijustatesigmund the Stinger (Octopode Venom Mage)   Turns: 5695, Time: 00:10:09

Health: -1/46      AC:  2    Str: 13    XL:     7   Next: 75%
Magic:  5/12       EV:  2    Int: 20    God:
Gold:   219        SH:  0    Dex: 12    Spells: 3/13 levels left

rFire   . . .        d - staff of poison
rCold   . . .        (no shield)
rNeg    . . .        t - +1 hat
rPois   +            (no amulet)
rElec   .            f - +6 ring of strength
rCorr   .            h - +5 ring of evasion
SInv    .            g - ring of poison resistance
Will    .....        (no ring)
Stlth   +++          (no ring)
HPRegen 0.27/turn    (no ring)
MPRegen 0.13/turn    (no ring)
                     (no ring)

%: no passive effects
@: sleeping
A: almost no armour, amphibious, 8 rings, camouflage 1, gelatinous body 1,
(nimble swimmer 1), tentacles
a: no special abilities


You were on level 5 of the Dungeon.
You visited 1 branch of the dungeon, and saw 5 of its levels.

You collected 219 gold pieces.

Inventory:

Hand Weapons
 i - a +1 spear of flaming
Armour
 t - a +1 hat (worn)
Magical Staves
 d - a staff of poison (weapon)
Jewellery
 f - a +6 ring of strength (left tentacle)
 g - a ring of poison resistance (on tentacle)
 h - a +5 ring of evasion (right tentacle)
Wands
 m - a wand of roots (11)
 u - a wand of charming (15)
 v - a wand of polymorph (12)
Scrolls
 p - a scroll of enchant weapon
 w - 3 scrolls of brand weapon
Potions
 a - 2 potions of magic
 b - 3 potions of haste
 c - 2 potions of flight
 e - a potion of ambrosia {unknown}
 j - 2 potions of heal wounds
 k - a potion of mutation {unknown}
 l - 3 potions of attraction
 q - a potion of brilliance {unknown}
 r - a potion of curing {unknown}
 s - a potion of berserk rage {unknown}


   Skills:
 - Level 3.0 Fighting
 - Level 2.0 Staves
 - Level 2.0 Dodging
 - Level 2.6 Stealth
 + Level 3.9 Spellcasting
 + Level 2.9 Conjurations
 - Level 1.0 Transmutations
 + Level 3.4 Air Magic
 + Level 5.8 Poison Magic


You had 3 spell levels left.
You knew the following spells:

 Your Spells              Type           Power      Damage    Failure   Level
a - Sting                 Tmut/Pois      100%       1d8       3%          1
b - Poisonous Vapours     Pois/Air       66%        N/A       3%          2
c - Mephitic Cloud        Conj/Pois/Air  30%        N/A       8%          3
d - Olgreb's Toxic Radia  Pois           40%        N/A       12%         4

Your spell library contained the following spells:

 Spells                   Type           Power      Damage    Failure   Level
 Lesser Beckoning         Tloc           6%         N/A       21%         2
 Call Canine Familiar     Summ           3%         N/A       36%         3
 Gell's Gravitas          Tloc           3%         N/A       36%         3
 Portal Projectile        Hex/Tloc       6%         N/A       36%         3
 Teleport Other           Tloc           3%         N/A       36%         3
 Leda's Liquefaction      Hex/Erth       1%         N/A       78%         4


Dungeon Overview and Level Annotations

Branches:
Dungeon (5/15)             Temple (0/1) D:4

Altars:
Zin


Innate Abilities, Weirdness & Mutations

You cannot wear most types of armour.
You are amphibious.
You can wear up to eight rings at the same time.
Your skin changes colour to match your surroundings (Stealth+).
Your rubbery body absorbs attacks. (AC +1, EV +1)
((You are camouflaged when in or above water. (Stealth+)))
You have tentacles for arms and can constrict up to eight enemies at once.


Message History

The gnoll is almost dead.
You constrict the gnoll.
You kill the gnoll!
The gnoll sergeant closely misses you.
The gnoll hits you from afar with a +0 spear.
You barely miss the gnoll. Your grab misses the gnoll.
The gnoll sergeant hits you from afar with a +0 trident!
The gnoll misses you. The gnoll closely misses you.
You hit the gnoll but do no damage. Your grab misses the gnoll.
You squeeze the gnoll, but do no damage.
The gnoll sergeant barely misses you. The gnoll barely misses you.
The gnoll completely misses you.
Unknown command.
Casting: Poisonous Vapours (safe; 3% risk of failure)
Confirm with . or Enter, or press ? or * to list all spells.
Aiming: Mephitic Cloud (dangerous; 8% risk of failure)
Press: ? - help, Shift-Dir - straight line, f - gnoll
Aim: a gnoll, wielding a +0 spear (chance to affect: 91%)
You feel a surge of power!
The ball explodes into a vile cloud!
The stinking cloud engulfs the gnoll but does no damage.
The stinking cloud engulfs the gnoll sergeant but does no damage.
The stinking cloud engulfs the gnoll but does no damage.
The gnoll sergeant hits you from afar with a +0 trident!
The gnoll is engulfed in noxious fumes.
The gnoll appears confused.
The gnoll hits the gnoll sergeant but does no damage.
The sleepcap misses you.
The gnoll is engulfed in noxious fumes.
The gnoll hits you from afar with a +0 spear.
* * * LOW HITPOINT WARNING * * *
The sleepcap attacks as you move away! The sleepcap barely misses you.
The gnoll is engulfed in noxious fumes.
The gnoll appears confused.
You feel much better.
The gnoll sergeant is engulfed in noxious fumes.
The gnoll sergeant closely misses you. The gnoll completely misses you.
The sleepcap releases spores at you.
You are engulfed in a cloud of soporific spores!
You fall asleep.
The gnoll sergeant is engulfed in noxious fumes.
The gnoll sergeant hits you from afar with a +0 trident!!
Ouch! That really hurt!
You die...

#)# # #.# ###'#####
. #.......#
..##########.......#
...................#
.......#####.......#
.......#...'.......#
#......#@###.......#
#....○ggf..#.......#
#....○☼#.#.#.#######
#......#)#.#.....#
#......#.# #####.#
#......#.# #.#
#####+##.#
#.######## #..
#......... ####
##########


You could see a sleepcap, a gnoll sergeant and a gnoll (confused).

Vanquished Creatures
  Grinder (D:4)
  An ogre (D:5)
  A scorpion (D:4)
  3 hounds
  2 iguanas
  An orc wizard (D:5)
  2 adders (D:3)
  6 gnolls
  2 ufetubi
  2 worms
  2 dart slugs
  18 orcs
  13 endoplasms
  11 giant cockroaches
  4 goblins
  4 hobgoblins
  7 jackals
  7 kobolds
  2 quokkas (D:2)
  9 ball pythons
  8 bats
  4 frilled lizards
  10 rats
120 creatures vanquished.

Notes
Turn   | Place    | Note
-------+----------+-------------------------------------------
     0 | D:1      | Ijustatesigmund the Octopode Venom Mage began the quest for
                  | the Orb.
     0 | D:1      | Reached XP level 1. HP: 11/11 MP: 3/3
     1 | D:1      | Found a runed translucent door.
   392 | D:1      | Reached XP level 2. HP: 6/18 MP: 3/5
   396 | D:1      | Learned a level 2 spell: Poisonous Vapours
   827 | D:1      | Reached skill level 1 in Fighting
   827 | D:1      | Reached skill level 4 in Poison Magic
   951 | D:1      | Reached XP level 3. HP: 23/23 MP: 3/6
  1384 | D:2      | Reached skill level 1 in Air Magic
  1452 | D:1      | Reached XP level 4. HP: 10/28 MP: 0/7
  2190 | D:2      | Learned a level 3 spell: Mephitic Cloud
  2746 | D:3      | Reached XP level 5. HP: 34/34 MP: 6/9
  3162 | D:3      | Found a glowing silver altar of Zin.
  3928 | D:4      | Reached skill level 1 in Staves
  3928 | D:4      | Reached skill level 1 in Conjurations
  3928 | D:4      | Reached XP level 6. HP: 41/41 MP: 3/10
  3933 | D:4      | Learned a level 4 spell: Olgreb's Toxic Radiance
  4111 | D:4      | Noticed Grinder
  4136 | D:4      | Killed Grinder
  4137 | D:4      | Reached skill level 5 in Poison Magic
  4137 | D:4      | Reached XP level 7. HP: 29/45 MP: 9/12
  4995 | D:4      | Found a staircase to the Ecumenical Temple.
  5042 | D:5      | Entered Level 5 of the Dungeon
  5695 | D:5      | Slain by a gnoll sergeant

Illustrated notes

Levels and vault maps discovered:
D:1:      dpeg_arrival_caged_fury, layout_loops_cross
D:2:      kennysheep_big_flooded_room, layout_basic
D:3:      layout_basic, lemuel_round_altar
D:4:      layout_loops_ring, lemuel_temple_firewalk_a, uniq_grinder
D:5:      layout_basic, mainiacjoe_overflow_brackets

Skill      XL: |  1  2  3  4  5  6  7 |
---------------+----------------------+-----
Fighting       | 1 2 3 |  3.0
Poison Magic   | 4 5 |  5.8
Air Magic      | 1 2 3 |  3.4
Staves         | 1 2 |  2.0
Spellcasting   | 3 |  3.9
Conjurations   | 1 2 |  2.9
Dodging        | |  2.0
Stealth        | |  2.6
Transmutations | |  1.0

Action                     |  1- 3 |  4- 6 |  7- 9 || total
---------------------------+-------+-------+-------++-------
  Melee: Unarmed           |    12 |       |       ||    12
         Tentacles         |     8 |    29 |     9 ||    46
         Constrict         |     7 |    33 |     9 ||    49
         Short sword       |     8 |       |       ||     8
         Spear             |    27 |    43 |       ||    70
         Staff             |       |    81 |    32 ||   113
         Punch             |       |       |     1 ||     1
   Cast: Sting             |    11 |     3 |       ||    14
         Poisonous Vapours |    19 |    40 |    21 ||    80
         Olgreb's Toxic Ra |       |     1 |     1 ||     2
         Mephitic Cloud    |       |       |     3 ||     3
    Use: Potion            |     1 |     1 |     1 ||     3
         Scroll            |       |     6 |     3 ||     9
   Stab: Distracted        |     1 |       |       ||     1
         Sleeping          |     2 |     5 |       ||     7
         Confused          |       |       |     2 ||     2
 Armour: Skin              |     3 |     9 |       ||    12
  Dodge: Dodged            |    35 |   112 |    28 ||   175
